 Dungeon Crawl Stone Soup version 0.29-a0-1052-g6990b1bffc (webtiles) character file.

Game seed: 9518603970612915824

18 SensoryNuts the Trooper (level 2, -2/24 HPs)
             Began as a Demonspawn Fighter on Aug 17, 2022.
             Slain by a gnoll
             ... wielding a +0 flail
              (4 damage)
             ... on level 2 of the Dungeon.
             The game lasted 00:01:00 (785 turns).

SensoryNuts the Trooper (Demonspawn Fighter)         Turns: 785, Time: 00:01:01

Health: -2/24      AC:  6    Str: 16    XL:     2   Next: 51%
Magic:  2/2        EV:  8    Int:  9    God:
Gold:   75         SH:  4    Dex: 12    Spells: 1/1 levels left

rFire   . . .      SeeInvis .   a - +1 trident
rCold   . . .      Faith    .   c - +0 buckler
rNeg    . . .      Spirit   .   b - +0 scale mail
rPois   .          Reflect  .   (helmet restricted)
rElec   .          Harm     .   (no cloak)
rCorr   .          Rampage  .   (no gloves)
Will    .....                   (no boots)
Stlth   ..........              (no amulet)
HPRegen 0.08/turn               (no ring)
MPRegen 0.08/turn               (no ring)

@: no status effects
A: horns 1
a: no special abilities


You were on level 2 of the Dungeon.
You visited 1 branch of the dungeon, and saw 2 of its levels.

You collected 75 gold pieces.

Inventory:

Hand Weapons
 a - a +1 trident (weapon)
Armour
 b - a +0 scale mail (worn)
 c - a +0 buckler (worn)
Jewellery
 j - a ring of poison resistance
Scrolls
 e - 2 scrolls of blinking
 f - a scroll of immolation {unknown}
Potions
 d - a potion of might
 g - 3 potions of lignification


   Skills:
 + Level 3.1 Fighting
 + Level 2.1 Polearms
 + Level 2.9 Armour
 + Level 2.9 Shields


You had one spell level left.
You didn't know any spells.
Your spell library was empty.

Dungeon Overview and Level Annotations

Branches:
Dungeon (2/15)

Altars:


Innate Abilities, Weirdness & Mutations

You have a pair of small horns on your head.


Message History

Your +0 trident glows red for a moment.
As you read the scroll labelled GORRYU XAOMA, it crumbles to dust.
It is a scroll of identify.
g - 3 potions of lignification
There is a stone staircase leading down here.
You climb downwards.
There is a stone staircase leading up here.
You now have 65 gold pieces (gained 9).
Found 5 stones.
Found a stone staircase leading up.
You now have 75 gold pieces (gained 10).
Found a buckler.
No target in view!
No target in view!
No target in view!
No target in view!
Found 3 stones.
A gnoll comes into view. It is wielding a +0 flail.
The gnoll moves out of view.
f - a scroll labelled NUODOYCAINT 2 gnolls come into view.
The gnoll shouts!
You hear a shout!
A gnoll comes into view. It is wielding a +0 halberd.
There are monsters nearby!
You hit the gnoll.
The gnoll is moderately wounded.
The gnoll hits you with a +0 flail!
You puncture the gnoll!
The gnoll is severely wounded.
The gnoll hits you with a +0 flail.
You hit the gnoll.
The gnoll is severely wounded.
The gnoll hits you but does no damage. The gnoll hits you with a +0 flail.
You hit the gnoll.
The gnoll is almost dead.
The gnoll hits you from afar with a +0 halberd.
The gnoll hits you with a +0 flail!
* * * LOW HITPOINT WARNING * * *
The gnoll hits you with a +0 flail.
You die...

####### ......##
###...######
#g@........######
#...g#..[####......#
###.g##.####.#.###...
.... #.# #.###...#
###.# #.####.#.##(#
#. .#.......##.# ..
#.#####..##.# #.
#.#####..##.#
#........##.#


You could see 3 gnolls.

Vanquished Creatures
  An endoplasm (D:1)
  2 giant cockroaches (D:1)
  2 goblins (D:1)
  A hobgoblin (D:1)
  2 jackals (D:1)
  A kobold (D:1)
  2 quokkas (D:1)
  3 ball pythons (D:1)
  A bat (D:1)
  A rat (D:1)
16 creatures vanquished.

Notes
Turn   | Place    | Note
-------+----------+-------------------------------------------
     0 | D:1      | SensoryNuts the Demonspawn Fighter began the quest for the
                  | Orb.
     0 | D:1      | Reached XP level 1. HP: 18/18 MP: 1/1
   188 | D:1      | Found a faded altar of an unknown god.
   237 | D:1      | Gained mutation: You have a pair of small horns on your
                  | head. [demonic ancestry]
   237 | D:1      | Reached XP level 2. HP: 24/24 MP: 2/2
   785 | D:2      | Slain by a gnoll

Illustrated notes

Levels and vault maps discovered:
D:1:      mrwooster_arrival_statue, layout_basic,
          chequers_ecumenical_altar_simple
D:2:      layout_loops_ring, serial_shops, nicolae_shop_statue_plus

Skill      XL: |  1  2 |
---------------+-------+-----
Polearms       | 2 |  2.1
Fighting       | |  3.1
Armour         | |  2.9
Shields        | |  2.9

Action                   || total
-------------------------++-------
Melee: Trident           ||    47
       Headbutt          ||     1
  Use: Scroll            ||     4
Armor: Scale mail        ||    15
Dodge: Dodged            ||    20
Block: Buckler           ||     4

Table legend: (Time is in decaauts)
 A = Elapsed time spent in this place.
 B = Non-inter-level travel time spent in this place.
 C = Inter-level travel time spent in this place.
 D = Time resting spent in this place.
 E = Time spent auto-exploring this place.
 F = Levels seen in this place.
 G = Mean time per level.
                   A        B        C        D        E       F      G
               +--------+--------+--------+--------+--------+-----+--------+
         Total |    796 |    796 |      0 |      0 |    670 |   2 |  398.0 |
       Dungeon |    796 |    796 |      0 |      0 |    670 |   2 |  398.0 |
               +--------+--------+--------+--------+--------+-----+--------+

Top non-repeatable levels by time:
     D:1: 720 daAuts
     D:2: 75 daAuts
